AoeStats
← [KMNB] Bandeira

Lombardia

509921417Analyzed
3v3 RM · 4d ago on Sep 28, 2026· 70m 37s· 6 players
Game mode
Random Map
Map size
Normal (6 player)
Population
200
Speed
Normal
Resources
Standard
Victory
Conquest
Starting age
Dark Age
Ending age
Imperial Age
RankedLock teamsTeams togetherTeam positionsShared explorationLock speedFull tech treeHidden civsTurbo modeCheats
Victory
Defeat
1698
+9
🇪🇸 Danes · Spain
1672
+10
🇬🇧 Varangians · United Kingdom
1559
+15
🇧🇷 Magyars · Brazil
1581
-13
🇧🇷 Saracens · Brazil
1529
-11
🇧🇷 Italians · Brazil
1491
-10
[KMNB] Dedão
6:14 Loom
9:06 Feudal Age
9:55 Double-Bit Axe
14:09 Horse Collar
14:51 Fletching
18:57 Wheelbarrow
22:26 Castle Age
20:26 Gold Mining
21:04 Padded Archer Armor
21:00 Stone Mining
22:27 Crossbowman
23:03 Bodkin Arrow
23:20 Bow Saw
23:27 Heavy Plow
24:50 Ballistics
27:01 Thumb Ring
29:17 Hand Cart
29:24 Leather Archer Armor
30:48 Town Watch
35:55 Imperial Age
35:54 Caravan
36:14 Arbalester
37:56 Chemistry
36:59 Bracer
37:46 Conscription
38:20 Crop Rotation
38:51 Two-Man Saw
38:41 Ring Archer Armor
39:22 Town Patrol
40:38 Forging
41:20 Masonry
41:06 Murder Holes
43:55 Scale Barding Armor
44:26 Iron Casting
45:14 Fortified Wall
45:35 Architecture
46:36 Coinage
49:01 Chain Barding Armor
49:42 Blast Furnace
48:57 Elite Genoese Crossbowman
54:20 Plate Barding Armor
55:41 Bloodlines
54:53 Light Cavalry
55:35 Husbandry
56:55 Hussar
[KMNB] Galodoido
5:23 Loom
9:26 Feudal Age
13:54 Fletching
15:59 Padded Archer Armor
18:46 Double-Bit Axe
23:09 Castle Age
22:15 Horse Collar
22:48 Gold Mining
23:11 Crossbowman
23:47 Bodkin Arrow
24:27 Bow Saw
25:28 Ballistics
30:13 Thumb Ring
31:15 Heavy Plow
31:51 Wheelbarrow
32:15 Stone Mining
33:02 Gold Shaft Mining
34:06 Hand Cart
39:08 Imperial Age
37:14 Leather Archer Armor
37:11 Masonry
37:25 Town Watch
38:34 Town Patrol
39:09 Arbalester
39:50 Bracer
40:21 Ring Archer Armor
40:52 Chemistry
40:13 Conscription
42:20 Two-Man Saw
43:03 Fortified Wall
45:06 Caravan
46:04 Counterweights
47:44 Hoardings
47:17 Siege Engineers
50:03 Forging
49:59 Scale Barding Armor
51:35 Husbandry
51:45 Bloodlines
50:56 Heavy Camel Rider
51:57 Chain Barding Armor
52:13 Iron Casting
55:02 Light Cavalry
56:02 Onager
56:14 Elite Skirmisher
57:33 Hussar
60:35 Siege Onager
[KMNB] Bandeira
6:47 Loom
9:48 Feudal Age
10:30 Double-Bit Axe
10:32 Horse Collar
14:11 Scale Barding Armor
17:55 Wheelbarrow
20:48 Castle Age
20:10 Bloodlines
20:12 Gold Mining
21:02 Light Cavalry
23:36 Chain Barding Armor
23:33 Bow Saw
23:31 Husbandry
24:07 Heavy Plow
38:31 Imperial Age
36:17 Stone Mining
39:15 Corvinian Army
38:44 Cavalier
40:20 Plate Barding Armor
40:08 Conscription
41:27 Hussar
41:40 Elite Magyar Huszar
43:07 Hoardings
43:54 Fletching
43:43 Hussar
47:26 Paladin
53:12 Crop Rotation
52:46 Caravan
[R1] andres_rod
8:41 Loom
11:41 Feudal Age
13:45 Double-Bit Axe
14:22 Horse Collar
17:19 Bloodlines
21:01 Castle Age
19:33 Scale Barding Armor
20:35 Forging
24:42 Husbandry
28:34 Heavy Plow
29:58 Chain Barding Armor
32:30 Iron Casting
38:00 Wheelbarrow
38:18 Gold Mining
42:21 Imperial Age
40:49 Hand Cart
41:18 Town Watch
41:32 Stone Mining
41:43 Fletching
42:39 Bow Saw
44:12 Blast Furnace
43:56 Cavalier
44:48 Bodkin Arrow
46:56 Town Patrol
47:48 Elite Jarl
50:33 Plate Barding Armor
49:25 Vendel Legacy
50:40 Ballistics
51:21 Chemistry
52:31 Conscription
52:36 Fortified Wall
52:01 Gothikon
53:31 Capped Ram
54:53 Siege Ram
55:39 Light Cavalry
58:51 Hussar
63:31 Caravan
66:26 Siege Ram
68:10 Two-Man Saw
70:29 Bracer
Frédéric Oumar Kanouté
8:25 Loom
10:35 Feudal Age
11:58 Double-Bit Axe
14:46 Castle Age
12:48 Horse Collar
15:42 Bow Saw
24:30 Fletching
34:56 Wheelbarrow
34:10 Town Watch
34:47 Fortified Wall
36:13 Hand Cart
41:32 Imperial Age
39:59 Heavy Plow
39:49 Stone Mining
39:50 Gold Mining
41:17 Gold Shaft Mining
41:39 Onager
43:17 Drill
43:49 Murder Holes
44:01 Siege Engineers
45:28 Siege Onager
47:33 Masonry
48:25 Chemistry
47:21 Bodkin Arrow
47:28 Nomads
49:38 Caravan
50:18 Ballistics
52:28 Bracer
53:27 Conscription
53:52 Coinage
53:29 Elite Mangudai
54:10 Padded Archer Armor
54:12 Husbandry
55:47 Banking
56:15 Bloodlines
56:30 Parthian Tactics
56:11 Thumb Ring
56:22 Leather Archer Armor
58:54 Hoardings
63:41 Heavy Scorpion
67:42 Capped Ram
70:00 Siege Ram
Bixiyo
7:50 Loom
10:02 Feudal Age
11:18 Double-Bit Axe
13:42 Horse Collar
17:09 Castle Age
19:00 Bow Saw
19:51 Wheelbarrow
24:08 Heavy Plow
24:35 Town Watch
25:03 Gold Mining
25:21 Squires
26:50 Scale Mail Armor
28:57 Chain Mail Armor
31:46 Forging
33:03 Stone Mining
33:40 Hand Cart
34:39 Iron Casting
34:15 Masonry
39:12 Imperial Age
36:37 Fletching
37:09 Ballistics
36:50 Arson
38:01 Hamask
40:02 Onager
41:15 Plate Mail Armor
40:07 Elite Jomsviking
41:56 Conscription
42:14 Stone Shaft Mining
42:18 Gold Shaft Mining
44:11 Blast Furnace
43:18 Siege Engineers
44:35 Town Patrol
44:47 Caravan
44:52 Bodkin Arrow
45:59 Chemistry
45:59 Hoardings
50:04 Bracer
50:03 Murder Holes
56:08 Coinage
57:48 Banking
59:34 Scale Barding Armor
61:34 Chain Barding Armor
61:27 Bloodlines
61:18 Husbandry
65:07 Siege Onager
Connection lost

Rejoining the realm…

Still unreachable

The connection could not be restored.

Session expired

The server has moved on; the page needs a fresh start.